 Dungeon Crawl Stone Soup version 0.25-a0-975-gcae8493d64 (webtiles) character file.

Game seed: 234851056905859375, levelgen mode: deterministic

437792 Flugslaktarn the Impregnable (level 22, -5/230 HPs)
             Began as a Deep Dwarf Fighter on May 10, 2020.
             Was the Champion of Makhleb.
             Slain by a death cob (15 damage)
             ... on level 5 of the Realm of Zot.
             The game lasted 00:23:33 (23920 turns).

Flugslaktarn the Impregnable (Deep Dwarf Fighter)  Turns: 23920, Time: 00:23:34

Health: -5/230     AC: 47    Str: 23 (24) XL:     22   Next: 65%
Magic:  1/1        EV: 17    Int:  8 (10) God:    Makhleb [******]
Gold:   482        SH: 18    Dex: 15      Spells: 21/21 levels left

rFire    + + .     SeeInvis .   b - +9 broad axe (flame)
rCold    + + .     Gourm    .   I - +0 kite shield {rC+}
rNeg     + . .     Faith    .   p - +9 plate armour {ponderous}
rPois    .         Spirit   .   u - +1 helmet
rElec    +         Reflect  .   c - +2 cloak
rCorr    .         Harm     .   L - +2 pair of gloves
MR       +++..     Rnd*Rage +   s - +2 pair of boots
Stlth    ..........             M - amulet "Ryvvuejuqa" {RegenMP rElec}
HPRegen  0.00/turn              f - ring of protection from fire
MPRegen  0.32/turn              j - ring of the Circus Animal {rF+ rC+}

@: non-regenerating, slowed, very slow
A: damage resistance, heal wounds, claws 1, large bone plates 1, rugged brown
scales 1, slimy green scales 1, berserk 1, clumsy 1, deterioration 2, low mp 1,
negative energy resistance 1, sense surroundings 3, no potion heal 1, no
regeneration
0: Orb of Zot
}: 3/15 runes: barnacled, silver, gossamer
a: Heal Wounds, Minor Destruction, Lesser Servant of Makhleb, Major Destruction,
Greater Servant of Makhleb, Renounce Religion


You were on level 5 of the Realm of Zot.
You worshipped Makhleb.
Makhleb was exalted by your worship.
You were not hungry.

You visited 8 branches of the dungeon, and saw 44 of its levels.
You also visited: Wizlab.

You collected 2713 gold pieces.
You spent 2231 gold pieces at shops.

Inventory:

Hand Weapons
 b - a +9 broad axe of flaming (weapon)
   (You acquired it on level 4 of the Lair of Beasts)
 O - a +7 executioner's axe of electrocution
   (You bought it in a shop on level 8 of the Dungeon)
Missiles
 C - 7 throwing nets (quivered)
Armour
 c - a +2 cloak (worn)
   (You found it on level 5 of the Vaults)
 p - a +9 plate armour of ponderousness (worn)
   (You acquired it on level 5 of the Dungeon)
 s - a +2 pair of boots (worn)
   (You found it on level 11 of the Dungeon)
 u - a +1 helmet (worn)
   (You found it on level 6 of the Dungeon)
 G - a +3 plate armour of fire resistance
   (You took it off Louise on level 2 of the Spider Nest)
 I - a +0 kite shield of cold resistance (worn)
   (You bought it in a shop on level 5 of the Dungeon)
 L - a +2 pair of gloves (worn)
   (You found it on level 3 of the Dungeon)
 V - +0 gold dragon scales
   (You found it on level 5 of the Vaults)
Jewellery
 f - a ring of protection from fire (left hand)
   (You bought it in a shop on level 7 of the Dungeon)
 j - the ring of the Circus Animal (right hand) {rF+ rC+}
   (You bought it in a shop on level 5 of the Depths)

   [ring of protection from fire]

   It protects you from fire.
   It protects you from cold.
 m - an uncursed ring of protection from magic
   (You found it on level 5 of the Vaults)
 M - the amulet "Ryvvuejuqa" (around neck) {RegenMP rElec}
   (You found it on level 3 of the Vaults)

   [amulet of magic regeneration]

   It increases your magic regeneration.
   It insulates you from electricity.
 R - the ring of Oheis Toe {rPois MR+ Str+3}
   (You found it on level 5 of the Vaults)

   [ring of poison resistance]

   It affects your strength (+3).
   It protects you from poison.
   It affects your resistance to hostile enchantments.
 S - the amulet of the Four Winds {rN+ MR+++ Clar}
   (You found it on level 5 of the Vaults)

   [amulet of nothing]

   It protects you from negative energy.
   It affects your resistance to hostile enchantments.
   It protects you against confusion.
Wands
 l - a wand of acid (26)
   (You found it on level 11 of the Dungeon)
 v - a wand of digging (4)
   (You found it on level 5 of the Lair of Beasts)
 E - a wand of paralysis (37)
   (You took it off Psyche on level 8 of the Dungeon)
 F - a wand of iceblast (17)
   (You found it on level 4 of the Lair of Beasts)
Scrolls
 k - a scroll of fog
 r - 2 scrolls of identify
 t - 8 scrolls of teleportation
 x - 13 scrolls of remove curse
 z - a scroll of blinking
 A - 2 scrolls of holy word
Potions
 a - 2 potions of mutation
 d - 4 potions of might
 g - 13 potions of brilliance
 h - a potion of haste
 i - a potion of berserk rage {unknown}
 q - 8 potions of curing
 w - 3 potions of heal wounds
 D - 2 potions of flight
 J - 6 potions of invisibility
 K - 3 potions of stabbing
 N - a potion of magic
 T - 3 potions of ambrosia
Comestibles
 e - 40 rations


   Skills:
 + Level 19.1 Fighting
 - Level 18.0 Axes
 + Level 22.0 Armour
 + Level 16.4 Dodging
 - Level 15.0 Shields
 - Level 15.0 Invocations


You had 21 spell levels left.
You didn't know any spells.
Your spell library was empty.

Dungeon Overview and Level Annotations

Branches:
Dungeon (15/15)            Temple (1/1) D:7            Lair (5/6) D:9
 Shoals (4/4) Lair:3       Spider (4/4) Lair:4        Slime (0/5) Lair:5
    Orc (0/2) D:9          Vaults (5/5) D:14          Crypt (0/3) Vaults:3
 Depths (5/5) D:15            Zot (5/5) Depths:5     WizLab (visited)

Altars:
Ashenzari
Cheibriados
Dithmenos
Elyvilon
Fedhas
Gozag
Hepliaklqana
Kikubaaqudgha
Makhleb
Nemelex Xobeh
Okawaru
Qazlal
Ru
Sif Muna
Trog
Uskayaw
Vehumet
Wu Jian
Xom
Yredelemnul
Zin
The Shining One

Shops:
D:5 ?*}?[   D:6 %   D:7 =   D:8 (   Depths:5 }==

Portals:
Hell: Depths:1
Ziggurat: Depths:2

Annotations:
Shoals:3 1 runed translucent door, 1 transporter, Myguam's ghost, adept GnWn
Depths:2 exclusions: angel, 2 daevas and 2 more exclusions


Innate Abilities, Weirdness & Mutations

You are resistant to damage.
You can heal yourself by infusing magical energy.
You resist negative energy. (rN+)
You passively map a large area around you.
You do not regenerate.
You have sharp fingernails.
You are partially covered in large bone plates. (SH +4)
You are partially covered in rugged brown scales. (AC +1, +3% HP)
You are partially covered in slimy green scales. (AC +2)
You tend to lose your temper in combat.
You are clumsy. (Dex -2)
Your body often deteriorates upon taking damage.
Your magical capacity is low. (-10% MP)
Potions are less effective at restoring your health.


Message History

The death cob is lightly damaged.
The death cob hits you!!
* * * LOW HITPOINT WARNING * * *
The death cob drains your vigour!
You feel as though you will be slow longer.
You block the death cob's attack.
The death cob hits you but does no damage.
You slice the death cob!! You burn the death cob!
The death cob is heavily damaged.
The death cob hits you!
* * * LOW HITPOINT WARNING * * *
You block the death cob's attack.
You slash the death cob! You burn the death cob.
The death cob is severely damaged.
You block the death cob's attack. The death cob hits you!!
* * * LOW HITPOINT WARNING * * *
The death cob drains your vigour!
You feel as though you will be slow longer.
The death cob hits you!
You die...

^,*#..#****#...#*#...###...# *
,*##..#######...#*#...###..# *
*##........###...###...##..#*****
##..........###...###..##..#*,,**
#...######..%###...##..##..#*,,,,
...########...###..........#*^,,,
..###....###...##.......⌠..#*,,**
.###......###..##z^##..##..#*,,**
.##.............@..##..##..#*,,**
#######.########▓▓▓▓########*****
...............* **,,,,,,,,,,,,
#.............#* **,,,,,,,,,,,,,
#.............# **,,,,,,,,,,,,,,
##...........## *,,,,,,,,,,,,,,,
#...........# *^,,,,,,,,,,,,,,
##...........#* *,,,,,,,,,,,,,,,
#.............# *,,,,,,,,,,,,,,^


You could see a death cob.

Vanquished Creatures
  4 orbs of fire
  Mara (Vaults:5)
  A Killer Klown (Zot:5)
  Margery (Depths:4)
  Saint Roka (Vaults:3)
  4 golden dragons
  7 tentacled monstrosities
  A Hell Sentinel (Zot:5)
  10 Orb Guardians (Zot:5)
  Rupert (D:15)
  3 quicksilver dragons
  3 titans (Vaults:5)
  A kraken (Shoals:2)
  7 tentacled starspawn (WizLab)
  2 death cobs
  Frances (D:13)
  6 tengu reavers
  Donald (Shoals:1)
  2 sphinxes (Vaults:5)
  A draconian monk (Zot:3)
  2 shadow dragons
  Ilsuiw (Shoals:4)
  2 storm dragons
  A cacodemon (WizLab)
  4 fire giants
  7 vault wardens
  A draconian knight (Zot:1)
  2 emperor scorpions (Spider:4)
  2 draconian scorchers
  A deep elf sorcerer (Vaults:5)
  An iron dragon (Vaults:5)
  9 frost giants
  Louise (Spider:2)
  2 ghost moths (Spider:4)
  A deep elf elementalist (Vaults:5)
  9 ironheart preservers
  A spriggan defender (Depths:3)
  6 entropy weavers
  14 very ugly things
  A war gargoyle (WizLab)
  2 deep elf annihilators (Vaults:5)
  10 stone giants
  3 purple draconians
  2 red draconians (Depths:5)
  2 yellow draconians
  2 white draconians
  9 ettins
  2 crystal guardians (WizLab)
  7 merfolk impalers
  4 merfolk javelineers (Shoals:4)
  3 fire dragons
  2 jiangshi (Depths:3)
  13 yaktaur captains
  8 great orbs of eyes
  An ice dragon (shapeshifter) (Vaults:5)
  A rakshasa (Depths:1)
  3 deep elf high priests (Vaults:5)
  5 ice dragons
  A spriggan air mage (Depths:5)
  28 vault guards
  A catoblepas (D:15)
  5 hydras
  3 merfolk avatars
  9 large abominations (Vaults:5)
  4 centaur warriors
  6 merfolk aquamancers (Shoals:4)
  A two-headed ogre (shapeshifter) (Vaults:3)
  4 alligator snapping turtles (Shoals:4)
  19 two-headed ogres
  7 ogre magi
  3 dancing weapons
  An anaconda (shapeshifter) (Vaults:5)
  A deep troll shaman (Depths:2)
  A satyr (Shoals:3)
  A vampire mage (Depths:3)
  4 tengu warriors
  4 small abominations (Vaults:5)
  5 deep troll earth magi
  A soul eater (Depths:1)
  Urug (Lair:4)
  2 shadow wraiths
  2 spriggan berserkers (Depths:5)
  3 deep elf knights
  4 hell knights (Depths:4)
  A wretched star (WizLab)
  An iron troll (Depths:2)
  A storm dragon skeleton (Depths:1)
  19 deep trolls
  11 sea snakes
  5 glowing orange brains (WizLab)
  4 wizards
  An orange crystal statue (WizLab)
  A kraken simulacrum (Shoals:4)
  2 unseen horrors
  5 deep elf archers
  38 harpies
  2 phantasmal warriors (Vaults:5)
  5 ironbrand convokers
  3 necromancers
  4 orc knights
  7 deep elf magi
  10 orb spiders
  3 orc sorcerers
  2 mana vipers (shapeshifter)
  11 ugly things
  5 cyclopes
  17 wolf spiders
  A cyclops (shapeshifter) (Depths:1)
  7 fauns
  5 manticores
  7 moths of wrath
  13 elephants
  12 vault sentinels
  A fire giant skeleton (Depths:1)
  A black mamba (Lair:2)
  7 merfolk sirens
  A stone giant skeleton (Vaults:3)
  7 eyes of devastation (WizLab)
  9 water nymphs
  A gargoyle (D:15)
  Psyche (D:8)
  6 spiny frogs
  A torpor snail (Spider:3)
  7 rime drakes
  A kobold demonologist (D:13)
  8 komodo dragons
  26 yaktaurs
  5 demonic crawlers
  A komodo dragon (shapeshifter) (Vaults:4)
  2 efreet (D:13)
  A human zombie (Vaults:3)
  A freezing wraith (Vaults:5)
  A hellwing (Depths:1)
  5 red devils (Depths:1)
  5 tengu conjurers
  32 merfolk
  A queen bee (Lair:1)
  5 wind drakes
  A harpy zombie (D:15)
  A tormentor (Zot:5)
  3 meliai (D:15)
  27 jumping spiders
  10 hornets
  6 trolls
  A polar bear (Lair:5)
  3 slime creatures (D:15)
  24 blink frogs
  6 dream sheep (Shoals:4)
  7 snapping turtles
  13 hippogriffs
  2 spriggans (shapeshifter)
  6 spriggans (Depths:4)
  45 redbacks
  9 wyverns
  14 tarantellas
  A redback (shapeshifter) (Vaults:5)
  19 water elementals
  16 yaks
  2 shadows
  A spriggan skeleton (Depths:1)
  Grum (D:9)
  3 golden eyes (WizLab)
  10 basilisks
  A human simulacrum (Vaults:3)
  4 hungry ghosts
  A neqoxec (WizLab)
  5 vampire mosquitoes
  A two-headed ogre zombie (D:9)
  20 water moccasins
  A warg (Vaults:3)
  6 hell hounds (Depths:1)
  10 orc warriors
  2 black bears
  6 porcupines
  A sky beast (D:13)
  3 ice beasts
  10 starcursed masses (WizLab)
  15 centaurs
  2 eyes of draining
  2 phantoms
  5 boggarts (Vaults:2)
  20 ogres
  4 wolves
  3 crocodiles
  3 big kobolds
  13 bullfrogs
  A gnoll sergeant (D:10)
  A human skeleton (Vaults:3)
  5 scorpions
  3 troll zombies (D:9)
  25 killer bees
  10 wights
  6 howler monkeys
  A bullfrog zombie (D:10)
  7 crimson imps
  2 centaur skeletons
  3 centaur zombies
  11 orc priests
  6 hounds
  2 jellies
  17 orc wizards
  A bullfrog skeleton (D:7)
  Jessica (D:2)
  3 iguanas
  9 worker ants
  4 ogre zombies (D:9)
  3 gnolls (D:10)
  11 adders
  4 shadow imps
  An ooze (D:2)
  2 adder zombies
  An adder skeleton (D:4)
  3 worms
  3 dart slugs
  5 leopard geckos
  37 orcs
  6 giant cockroaches
  4 goblins
  5 hobgoblins
  9 jackals
  14 kobolds
  2 quokkas
  A ball python (D:5)
  4 bats
  A frilled lizard (D:3)
  2 goblin skeletons (D:9)
  2 goblin zombies (D:9)
  3 hobgoblin skeletons (D:9)
  A hobgoblin zombie (D:9)
  A jackal skeleton (D:4)
  A leopard gecko zombie (D:6)
  6 orc skeletons (D:9)
  11 orc zombies (D:9)
  5 rats
  A crawling corpse (Vaults:5)
  2 fungi
  10 plants
  10 starspawn tentacles (WizLab)
  4 tentacles (Shoals:2)
1327 creatures vanquished.

Vanquished Creatures (collateral kills)
  2 ancient liches (Zot:5)
  2 Killer Klowns (Zot:5)
  10 Orb Guardians (Zot:5)
  A storm dragon (Zot:5)
  2 yellow draconians (Zot:5)
  2 spark wasps (Spider:4)
  2 wolf spiders (Spider:4)
  2 moths of wrath (Zot:5)
23 creatures vanquished.

Vanquished Creatures (others)
  A ghost moth (Spider:4)
  A rakshasa (Depths:4)
  A vault guard (Vaults:5)
  A necromancer (Depths:4)
  A cyclops (Vaults:1)
  2 redbacks (Spider:4)
  A tarantella (Spider:4)
  An ogre (Vaults:5)
  5 fungi
  21 plants
  15 starspawn tentacles (WizLab)
  6 tentacles
56 creatures vanquished.

Grand Total: 1406 creatures vanquished

Notes
Turn   | Place    | Note
-------+----------+-------------------------------------------
     0 | D:1      | Flugslaktarn the Deep Dwarf Fighter began the quest for the
                  | Orb.
     0 | D:1      | Reached XP level 1. HP: 20/20 MP: 1/1
    54 | D:1      | Reached XP level 2. HP: 24/27 MP: 2/2
   223 | D:2      | Noticed Jessica
   227 | D:2      | Killed Jessica
   227 | D:2      | Reached XP level 3. HP: 28/34 MP: 3/3
   302 | D:3      | Reached XP level 4. HP: 42/42 MP: 4/4
   357 | D:3      | Reached skill level 4 in Armour
   465 | D:4      | Reached XP level 5. HP: 38/49 MP: 5/5
   647 | D:4      | Noticed an ogre
   656 | D:4      | Killed an ogre
   656 | D:4      | Reached XP level 6. HP: 56/57 MP: 5/5
   735 | D:4      | Reached skill level 5 in Axes
  1281 | D:5      | Entered Level 5 of the Dungeon
  1281 | D:5      | Found Guigenn's General Store.
  1290 | D:5      | Reached XP level 7. HP: 51/64 MP: 6/6
  1314 | D:5      | Reached skill level 5 in Shields
  1355 | D:5      | Found a radiant altar of Vehumet.
  1372 | D:5      | Reached skill level 5 in Armour
  1416 | D:5      | Found Qatyxuby's Gadget Shop.
  1511 | D:5      | Found a white marble altar of Elyvilon.
  1520 | D:5      | Found Geimic's Magic Scroll Emporium.
  1539 | D:5      | Found Uwniz's Magic Scroll Boutique.
  1591 | D:5      | Found Ixorywotty's Antique Armour Shop.
  1779 | D:6      | Found a glowing silver altar of Zin.
  1787 | D:6      | Found a hide-covered altar of Uskayaw.
  1794 | D:6      | Found a blossoming altar of Fedhas.
  1801 | D:6      | Found a shadowy altar of Dithmenos.
  1808 | D:6      | Found a hazy altar of Hepliaklqana.
  1813 | D:6      | Found a bloodstained altar of Trog.
  1824 | D:6      | Found a stormy altar of Qazlal.
  2002 | D:6      | Reached XP level 8. HP: 36/73 MP: 6/6
  2213 | D:6      | Found Herch's Food Shoppe.
  2341 | D:7      | Reached skill level 5 in Fighting
  2341 | D:7      | Reached skill level 6 in Armour
  2378 | D:7      | Found a staircase to the Ecumenical Temple.
  2422 | Temple   | Entered the Ecumenical Temple
  2484 | Temple   | Became a worshipper of Makhleb the Destroyer
  2838 | D:7      | Found Deuhaim's Jewellery Shop.
  3029 | D:8      | Reached skill level 1 in Invocations
  3044 | D:8      | Gained mutation: You passively map the area around you.
                  | [Deep Dwarf growth]
  3044 | D:8      | Reached XP level 9. HP: 34/81 MP: 4/6
  3080 | D:8      | Found an opulent altar of Gozag.
  3103 | D:8      | Noticed Psyche
  3115 | D:8      | Paralysed by Psyche for 2 turns
  3117 | D:8      | Killed Psyche
  3218 | D:8      | Reached skill level 7 in Armour
  3251 | D:8      | Reached * piety under Makhleb
  3455 | D:8      | Found Muhumum's Weapon Boutique.
  3873 | D:9      | Noticed Grum
  4034 | D:9      | Killed Grum
  4230 | D:9      | Reached skill level 10 in Axes
  4230 | D:9      | Reached skill level 5 in Invocations
  4230 | D:9      | Reached XP level 10. HP: 74/91 MP: 5/5
  4240 | D:9      | Reached ** piety under Makhleb
  4310 | D:9      | Found a staircase to the Orcish Mines.
  4335 | D:9      | Found a staircase to the Lair.
  4452 | D:9      | Reached skill level 8 in Armour
  4571 | D:9      | Reached *** piety under Makhleb
  5435 | D:10     | Entered Level 10 of the Dungeon
  5637 | D:8      | Bought a +1 executioner's axe of electrocution for 416 gold
                  | pieces
  5795 | D:10     | Reached skill level 1 in Dodging
  6289 | D:11     | Reached **** piety under Makhleb
  6303 | D:11     | Reached XP level 11. HP: 86/100 MP: 6/6
  6448 | D:11     | Found a shimmering blue altar of Sif Muna.
  6969 | Lair:1   | Entered Level 1 of the Lair of Beasts
  7004 | Lair:1   | Reached skill level 9 in Armour
  7640 | Lair:1   | Reached ***** piety under Makhleb
  8227 | Lair:2   | Reached XP level 12. HP: 81/111 MP: 7/7
  8369 | Lair:2   | Reached skill level 10 in Armour
  8555 | Lair:3   | Found a sparkling altar of Nemelex Xobeh.
  8670 | Lair:3   | Reached skill level 5 in Dodging
  8755 | Lair:3   | Found a staircase to the Shoals.
  8897 | Lair:3   | Reached skill level 10 in Invocations
  9221 | Lair:4   | Found a hole to the Spider Nest.
  9476 | Lair:4   | Noticed Urug
  9484 | Lair:4   | Killed Urug
  9917 | Lair:4   | Identified a scroll of acquirement
  9918 | Lair:4   | Identified the +2 ring mail of Plasticity {Int+6 Dex+2}
                  | (You acquired it on level 4 of the Lair of Beasts)
  9950 | Lair:5   | Noticed a four-headed hydra
  9957 | Lair:5   | Killed a one-headed hydra
  9962 | Lair:5   | Reached XP level 13. HP: 100/121 MP: 9/9
 10308 | Lair:5   | Found a staircase to the Slime Pits.
 10704 | Lair:5   | Reached skill level 11 in Armour
 10746 | Lair:5   | Reached ****** piety under Makhleb
 11475 | D:13     | Noticed Frances
 11491 | D:13     | Killed Frances
 11491 | D:13     | Reached skill level 15 in Axes
 12350 | D:14     | Gained mutation: You resist negative energy. (rN+) [Deep
                  | Dwarf growth]
 12350 | D:14     | Reached XP level 14. HP: 130/130 MP: 9/9
 12364 | D:14     | Reached skill level 10 in Fighting
 12370 | D:14     | Found a gate to the Vaults.
 12442 | D:15     | Entered Level 15 of the Dungeon
 12928 | D:15     | Found a staircase to the Depths.
 13004 | D:15     | Noticed Rupert
 13026 | D:15     | Killed Rupert
 13326 | D:5      | Bought a scroll of acquirement for 676 gold pieces
 13326 | D:5      | Identified the ring of Rufilianu {rPois Int+4 Dex+3} (You
                  | acquired it on level 5 of the Dungeon)
 13528 | Spider:1 | Entered Level 1 of the Spider Nest
 13672 | Spider:2 | Reached skill level 12 in Armour
 13675 | Spider:2 | Noticed an entropy weaver
 13695 | Spider:2 | Killed an entropy weaver
 13871 | Spider:2 | Noticed Louise
 13899 | Spider:2 | Killed Louise
 13972 | Spider:4 | Entered Level 4 of the Spider Nest
 13979 | Spider:4 | Noticed an entropy weaver
 13993 | Spider:4 | Paralysed by a hornet for 2 turns
 13995 | Spider:4 | Killed an entropy weaver
 14037 | Spider:4 | Noticed an emperor scorpion
 14056 | Spider:4 | Killed an emperor scorpion
 14174 | Spider:4 | Reached XP level 15. HP: 97/140 MP: 10/10
 14223 | Spider:4 | Reached skill level 10 in Shields
 14526 | Spider:4 | Noticed a ghost moth
 14529 | Spider:4 | Killed a ghost moth
 14535 | Spider:4 | Paralysed by a hornet for 2 turns
 14592 | Spider:4 | Identified the +0 war axe "Poorph" {vorpal, +Rage} (You
                  | acquired it on level 4 of the Spider Nest)
 14740 | Spider:4 | Noticed a ghost moth
 14751 | Spider:4 | Killed a ghost moth
 14776 | Spider:4 | Noticed a ghost moth
 14785 | Spider:4 | Killed a ghost moth
 14809 | Spider:4 | Paralysed by a hornet for 2 turns
 14832 | Spider:4 | Reached skill level 13 in Armour
 14873 | Spider:4 | Got a gossamer rune of Zot
 15230 | D:5      | Bought a runed kite shield for 187 gold pieces
 15274 | D:5      | Bought a potion of mutation for 120 gold pieces
 15274 | D:5      | Gained mutation: Armour fits poorly on your strangely
                  | shaped body. [potion of mutation]
 15274 | D:5      | Gained mutation: You expend magic power (3 MP) to
                  | strengthen your wands. [potion of mutation]
 15274 | D:5      | Gained mutation: You possess an exceptional clarity of
                  | mind. [potion of mutation]
 15274 | D:5      | Gained mutation: Your system is resistant to poisons.
                  | (rPois) [potion of mutation]
 15275 | D:5      | Lost mutation: You expend magic power (3 MP) to strengthen
                  | your wands. [potion of mutation]
 15275 | D:5      | Lost mutation: Armour fits poorly on your strangely shaped
                  | body. [potion of mutation]
 15275 | D:5      | Lost mutation: Your system is resistant to poisons. (rPois)
                  | [potion of mutation]
 15275 | D:5      | Gained mutation: Your system is resistant to poisons.
                  | (rPois) [potion of mutation]
 15275 | D:5      | Gained mutation: Your muscles are strong. (Str +2) [potion
                  | of mutation]
 15490 | Shoals:1 | Entered Level 1 of the Shoals
 15765 | Shoals:1 | Reached XP level 16. HP: 140/151 MP: 10/10
 16001 | Shoals:1 | Noticed Donald
 16018 | Shoals:1 | Killed Donald
 16133 | Shoals:2 | Noticed a kraken
 16149 | Shoals:2 | Killed a kraken
 16393 | Shoals:3 | Found a runed translucent door.
 16404 | Shoals:3 | Found a transporter.
 16493 | Shoals:4 | Entered Level 4 of the Shoals
 16817 | Shoals:4 | Reached skill level 14 in Armour
 16889 | Shoals:4 | Reached skill level 15 in Invocations
 17256 | Shoals:4 | Noticed Ilsuiw
 17350 | Shoals:4 | Killed Ilsuiw
 17373 | Shoals:4 | Reached XP level 17. HP: 90/162 MP: 3/3
 17753 | Shoals:4 | Got a barnacled rune of Zot
 17913 | Shoals:3 | Noticed Myguam's ghost (adept GnWn)
 18216 | D:7      | Bought an uncursed ring of protection from fire for 325
                  | gold pieces
 18426 | Vaults:1 | Entered Level 1 of the Vaults
 18608 | Vaults:1 | Reached skill level 15 in Armour
 18924 | Vaults:3 | Noticed Saint Roka
 18959 | Vaults:3 | Killed Saint Roka
 19088 | Vaults:3 | Got a clouded ruby amulet
 19095 | Vaults:3 | Identified the amulet "Ryvvuejuqa" {RegenMP rElec} (You
                  | found it on level 3 of the Vaults)
 19127 | Vaults:3 | Gained mutation: You passively map a large area around you.
                  | [Deep Dwarf growth]
 19127 | Vaults:3 | Reached XP level 18. HP: 174/174 MP: 4/4
 19129 | Vaults:3 | Reached skill level 16 in Armour
 19252 | Vaults:3 | Found a staircase to the Crypt.
 19252 | Vaults:3 | Found a basalt altar of Yredelemnul.
 19257 | Vaults:3 | Found an ancient bone altar of Kikubaaqudgha.
 19558 | Vaults:5 | Entered Level 5 of the Vaults
 19569 | Vaults:5 | Reached skill level 15 in Shields
 19595 | Vaults:5 | Reached skill level 17 in Armour
 19646 | Vaults:5 | Reached skill level 15 in Fighting
 19683 | Vaults:5 | Noticed Mara
 19685 | Vaults:5 | Identified the ring of Xabyts {rPois rF+ rC- MR++}
 19690 | Vaults:5 | Noticed a golden dragon
 19695 | Vaults:5 | Reached XP level 19. HP: 109/186 MP: 5/5
 19708 | Vaults:5 | Reached skill level 18 in Armour
 19708 | Vaults:5 | Identified the +9 whip "Fech" {venom, rF- MR+ Str+3 Stlth+}
 19708 | Vaults:5 | Identified the +11 hand crossbow "Omonelox" {freeze, rF-
                  | rN++ Str+4 Dex+3}
 19712 | Vaults:5 | Noticed Flugslaktarn's illusion
 19717 | Vaults:5 | Killed a golden dragon
 19719 | Vaults:5 | Reached skill level 19 in Armour
 19739 | Vaults:5 | Noticed a golden dragon
 19761 | Vaults:5 | Noticed Flugslaktarn's illusion
 19806 | Vaults:5 | Reached XP level 20. HP: 169/200 MP: 6/6
 19842 | Vaults:5 | Killed Mara
 19855 | Vaults:5 | Killed a golden dragon
 19955 | Vaults:5 | Got a shimmering golden ring
 19956 | Vaults:5 | Identified the ring of Oheis Toe {rPois MR+ Str+3} (You
                  | found it on level 5 of the Vaults)
 19999 | Vaults:5 | Reached skill level 20 in Armour
 20037 | Vaults:5 | Got an ichor-stained chain mail
 20038 | Vaults:5 | Identified the +1 chain mail "Comm" {rElec MR- Int+4} (You
                  | found it on level 5 of the Vaults)
 20139 | Vaults:5 | Got a silver rune of Zot
 20643 | Vaults:5 | Found the amulet of the Four Winds {rN+ MR+++ Clar}
 21053 | Depths:1 | Entered Level 1 of the Depths
 21231 | Depths:1 | Found a gateway to Hell.
 21333 | Depths:1 | Found a magical portal.
 21399 | WizLab   | Entered Lehudib's Moon Base
 21644 | WizLab   | Found a transporter.
 21814 | WizLab   | Found a transporter.
 21945 | WizLab   | Gained mutation: Scrolls take you a little longer to read.
                  | [a cacodemon]
 22285 | Depths:1 | Reached skill level 21 in Armour
 22300 | Depths:2 | Found a gateway to a ziggurat.
 22388 | Depths:2 | Reached XP level 21. HP: 172/213 MP: 5/5
 22446 | Depths:2 | Reached skill level 10 in Dodging
 22601 | Depths:4 | Noticed Margery
 22625 | Depths:4 | Killed Margery
 22753 | Depths:5 | Entered Level 5 of the Depths
 22780 | Depths:5 | Noticed a golden dragon
 22834 | Depths:5 | Killed a golden dragon
 22868 | Depths:5 | Found Kaifati's Gadget Shop.
 22868 | Depths:5 | Found Hetzep's Jewellery Emporium.
 22869 | Depths:5 | Found Leys's Jewellery Emporium.
 22885 | Depths:5 | Bought the ring of the Circus Animal {rF+ rC+} for 507 gold
                  | pieces
 22960 | Depths:5 | Found a gate to the Realm of Zot.
 22960 | Depths:5 | Noticed a golden dragon
 22975 | Depths:5 | Killed a golden dragon
 22990 | Zot:1    | Entered Level 1 of the Realm of Zot
 23082 | Zot:1    | Noticed an orb of fire
 23089 | Zot:1    | Gained mutation: You are clumsy. (Dex -2) [an orb of fire]
 23091 | Zot:1    | Gained mutation: Scrolls take you longer to read. [an orb
                  | of fire]
 23098 | Zot:1    | Lost mutation: Your muscles are strong. (Str +2) [an orb of
                  | fire]
 23100 | Zot:1    | Gained mutation: Your spells are a little easier to cast,
                  | but a little less powerful. [an orb of fire]
 23113 | Zot:1    | Killed an orb of fire
 23115 | Zot:1    | Lost mutation: Your system is resistant to poisons. (rPois)
                  | [potion of mutation]
 23115 | Zot:1    | Lost mutation: Your spells are a little easier to cast, but
                  | a little less powerful. [potion of mutation]
 23115 | Zot:1    | Lost mutation: Scrolls take you longer to read. [potion of
                  | mutation]
 23115 | Zot:1    | Gained mutation: You are partially covered in icy blue
                  | scales. (AC +2) [potion of mutation]
 23115 | Zot:1    | Gained mutation: You have sharp fingernails. [potion of
                  | mutation]
 23115 | Zot:1    | Gained mutation: You are partially covered in rugged brown
                  | scales. (AC +1, +3% HP) [potion of mutation]
 23166 | Zot:2    | Lost mutation: Scrolls take you a little longer to read.
                  | [potion of mutation]
 23166 | Zot:2    | Lost mutation: You possess an exceptional clarity of mind.
                  | [potion of mutation]
 23166 | Zot:2    | Lost mutation: You are partially covered in icy blue
                  | scales. (AC +2) [potion of mutation]
 23166 | Zot:2    | Gained mutation: Your body sometimes deteriorates upon
                  | taking damage. [potion of mutation]
 23166 | Zot:2    | Gained mutation: You are partially covered in slimy green
                  | scales. (AC +2) [potion of mutation]
 23166 | Zot:2    | Gained mutation: You possess an exceptional clarity of
                  | mind. [potion of mutation]
 23187 | Zot:2    | Reached skill level 15 in Dodging
 23257 | Zot:3    | Lost mutation: You possess an exceptional clarity of mind.
                  | [mutagenic glow]
 23317 | Zot:3    | Gained mutation: Your magical capacity is low. (-10% MP)
                  | [mutagenic glow]
 23342 | Zot:3    | Gained mutation: You are partially covered in large bone
                  | plates. (SH +4) [mutagenic glow]
 23463 | Zot:3    | Noticed a Killer Klown
 23534 | Zot:5    | Entered Level 5 of the Realm of Zot
 23609 | Zot:5    | Reached XP level 22. HP: 201/228 MP: 2/2
 23629 | Zot:5    | Noticed an ancient lich
 23630 | Zot:5    | Noticed an ancient lich
 23639 | Zot:5    | Killed an ancient lich
 23651 | Zot:5    | Killed an ancient lich
 23652 | Zot:5    | Noticed an orb of fire
 23654 | Zot:5    | Noticed an orb of fire
 23659 | Zot:5    | Gained mutation: Your body often deteriorates upon taking
                  | damage. [an orb of fire]
 23664 | Zot:5    | Noticed a Killer Klown
 23669 | Zot:5    | Noticed an orb of fire
 23672 | Zot:5    | Gained mutation: Potions are less effective at restoring
                  | your health. [an orb of fire]
 23682 | Zot:5    | Killed a Killer Klown
 23683 | Zot:5    | Killed an orb of fire
 23686 | Zot:5    | Killed an orb of fire
 23688 | Zot:5    | Noticed a Killer Klown
 23688 | Zot:5    | Gained mutation: You tend to lose your temper in combat.
                  | [an orb of fire]
 23697 | Zot:5    | Killed an orb of fire
 23719 | Zot:5    | Killed a Killer Klown
 23782 | Zot:5    | Reached skill level 22 in Armour
 23793 | Zot:5    | Got the Orb of Zot
 23810 | Zot:5    | Noticed a Killer Klown
 23820 | Zot:5    | Killed a Killer Klown
 23840 | Zot:5    | HP: 3/230 [Hell Sentinel/iron shot (48)]
 23920 | Zot:5    | HP: 10/230 [death cob (16)]
 23920 | Zot:5    | Slain by a death cob

Illustrated notes

Levels and vault maps discovered:
D:1:      erik_arrival_cave_to_civilisation [erik_arrival_cave_to_temple],
          layout_basic
D:2:      layout_basic, serial_corexii_hall, chequers_hall_statues_y,
          corexii_hall_statues_l, chequers_ecumenical_altar_twisty, uniq_jessica
D:3:      layout_basic, uniq_natasha
D:4:      layout_gridville, first_ration
D:5:      layout_rooms, basic_altar, serial_shops, nicolae_shop_trees, shop,
          shop_fountains, kennysheep_mini_moat, shop, vehumet_altar_wand_db
D:6:      layout_rooms, grunt_temple_overflow_octagram, serial_shops,
          nicolae_shop_statue_plus
D:7:      layout_loops_ring, minmay_temple_entry_slanted, serial_shops,
          nicolae_shop_crystal
D:8:      layout_basic, nicolae_overflow_crystal_walls, serial_shops, shop,
          uniq_psyche
D:9:      layout_layer_cave, david_lair_shrubbed, zombieorc2_lemuel, uniq_grum
D:10:     layout_small_grid
D:11:     layout_irregular_city, serial_column_ruins,
          column_ruins_temple_circle, column_ruins_hut_ruined,
          column_ruins_columns_dead_end, column_ruins_corridor_corner,
          column_ruins_open_tiny_water, column_ruins_open_small,
          column_ruins_grid_3, column_ruins_columns_corner,
          column_ruins_open_tiny_water
D:12:     layout_loops_corners, grunt_ogre_cave, makhleb_altar_promises_db
D:13:     layout_gridville, uniq_frances
D:14:     layout_small_grid, david_vaults_4, uniq_azrael
D:15:     grunt_enter_depths_hoard, layout_gridville, nicolae_ru_path_of_blood,
          uniq_rupert
Temple:   zaba_magenta_temple
Lair:1:   layout_cave_pods, special_room [special_room_bee],
          serial_bayou_pond_a, grunt_megastairs_3
Lair:2:   layout_chaotic_city, lemuel_fruit_fields
Lair:3:   layout_misc_corridors, minmay_shoals_entry_lonely_mermaid, basic_altar
Lair:4:   layout_gridlike, spider_nest_entry_a, serial_bayou_pond_a,
          chequers_serial_rivers_micro_d, chequers_serial_rivers_large_a,
          uniq_urug
Lair:5:   layout_long_grid, slime_dummy, special_room
          [special_room_mythical_zoo]
Shoals:1: layout_shoals, yaktaur_hedge, uniq_donald
Shoals:2: layout_shoals, gammafunk_ghost_grave
Shoals:3: layout_shoals, gammafunk_ghost_berserking_beasts, lightli_airlock
Shoals:4: shoals_end_grunt_ice, layout_shoals, shoals_ilsuiw_alternative,
          nicolae_shoals_siren_and_animal_friends
Spider:1: layout_spider_delve
Spider:2: layout_spider_delve, uniq_louise
Spider:3: layout_spider_delve, nicolae_orb_island
Spider:4: grunt_spider_rune_parallel, nicolae_spider_stair_cavern
Vaults:1: v_rooms_6, vaults_room_boxed, ontoclasm_vaults_pinch,
          nicolae_vaults_little_squares_6, grunt_vaults_diagonal,
          hangedman_vaults_snaps, v_misc_29, vaults_mumra_chevron_long,
          grunt_vaults_funnel, v_alt_pattern_6, vaults_mumra_lcd,
          grunt_vaults_hallway_long, v_misc_23, layout_vaults_omnibox,
          serial_shops, shop
Vaults:2: hangedman_vaults_nails, v_misc_18, ontoclasm_vaults_claustrophobia,
          ontoclasm_vaults_twist, v_misc_29, v_alt_pattern_5,
          nicolae_vaults_alarming, vaults_room_pools, vaults_room_corners,
          serial_ice_b, layout_vaults_chaotic_city, serial_shops,
          nicolae_shop_crystal, uniq_mennas
Vaults:3: minmay_crypt_entry_necro_gods, st_octagons_2, hangedman_vaults_nodes,
          v_rooms_4, nicolae_vaults_little_squares_6,
          nicolae_vaults_network_quinsquares
          [nicolae_vaults_network_quincunx_subvault,
          nicolae_vaults_network_quincunx_subvault,
          nicolae_vaults_network_quincunx_subvault,
          nicolae_vaults_network_quincunx_subvault], vaults_room_fancy_cross,
          v_misc_5, v_misc_23, nicolae_vaults_sealed_display, vaults_room_pools,
          v_misc_19, ontoclasm_vaults_eye, nicolae_vaults_little_squares_4,
          grunt_vaults_hallway_short, layout_vaults_maze_snakey, serial_shops,
          shop, uniq_saint_roka
Vaults:4: nicolae_vaults_little_squares_3, nicolae_vaults_network_s,
          ontoclasm_vaults_ring_square, hangedman_vaults_corner_blocks,
          nicolae_vaults_shelves_hall, hangedman_vaults_locks,
          vaults_standard_mumra_enter_the_diamond, vaults_room_semicircle,
          st_lattice, ontoclasm_vaults_loading_screen,
          nicolae_vaults_little_squares_1, nicolae_vaults_mini_display_case,
          ontoclasm_vaults_shuriken, dpeg_vaults_monster_box,
          layout_vaults_omnicross
Vaults:5: uniq_mara
Depths:1: layout_forbidden_donut, hellmouth_3, hex_medium, mu_enter_wizlab_2,
          minivault_14, hallowed_hall
Depths:2: minmay_bloctagon_deflated, layout_cave_pools, enter_ziggurat_c,
          lightli_too_deep, kennysheep_decorative_pillar, grunt_ministairs_10
Depths:3: minmay_the_grid_triangle_9x9_recursive_2
          [minmay_the_grid_triangle_9x9_prize_schism,
          minmay_the_grid_triangle_9x9_sparse_checkered,
          minmay_the_grid_triangle_9x9_longest,
          minmay_the_grid_triangle_9x9_flanged_cone], layout_gridlike,
          hangedman_coc_ice_floe, dk_noncrumbling_2, grunt_pan_entry_zigzag
Depths:4: spriggan_forest, abyss_entry, hell_entry, uniq_margery
Depths:5: grunt_zot_entry_tricorne, layout_basic, grunt_hell_entry_dis_old,
          minmay_shop_grove
Zot:1:    layout_twisted_circle
Zot:2:    layout_concentric_octagons
Zot:3:    layout_twisted_circle
Zot:4:    layout_basic, zot_minivault_5, grunt_megastairs_1
Zot:5:    layout_concentric_octagons

Skill      XL: |  1  2  3  4  5  6  7  8  9 10 11 12 13 14 15 16 17 18 19 20 21 22 |
---------------+-------------------------------------------------------------------+-----
Fighting       | 3 4 5 6 7 8 9 10 11 12 13 15 16 18 19 | 19.1
Axes           | 3 4 5 6 8 10 11 13 14 15 16 17 18 | 18.0
Armour         | 4 5 6 7 8 9 10 11 12 13 14 15 17 19 21 22 | 22.0
Shields        | 4 5 6 7 8 9 11 12 14 15 | 15.0
Invocations    | 2 5 7 9 10 11 12 13 15 | 15.0
Dodging        | 1 4 6 8 9 15 16 | 16.4

Action                   |  1- 3 |  4- 6 |  7- 9 | 10-12 | 13-15 | 16-18 | 19-21 | 22-24 || total
-------------------------+-------+-------+-------+-------+-------+-------+-------+-------++-------
Melee: War axe           |    75 |   135 |   366 |   244 |       |       |       |       ||   820
       Executioner's axe |       |       |       |   359 |       |       |       |       ||   359
       Broad axe         |       |       |       |    10 |   967 |  1355 |  1088 |   135 ||  3555
Throw: Throwing net      |       |       |       |       |       |       |       |     1 ||     1
Invok: Greater Servant o |       |       |       |       |     1 |       |       |     3 ||     4
       Lesser Servant of |       |       |       |       |     1 |       |       |       ||     1
 Abil: Heal Wounds       |     1 |     2 |    21 |     5 |    19 |    18 |     7 |     5 ||    78
Evoke: Wand              |       |       |       |       |     3 |       |       |       ||     3
  Use: Scroll            |       |       |     6 |    22 |    12 |     6 |    16 |     1 ||    63
       Potion            |       |       |       |     1 |     6 |     3 |     7 |     5 ||    22
 Stab: Invisible         |       |       |       |       |     1 |       |       |       ||     1
       Distracted        |       |       |       |       |     1 |       |     1 |     2 ||     4
       Held in net/web   |       |       |       |       |     1 |       |       |     1 ||     2
  Eat: Chunk             |       |     1 |    21 |    41 |     8 |    10 |     3 |       ||    84
       Ration            |       |       |       |     2 |     2 |     1 |     4 |     1 ||    10
Armor: Scale mail        |    30 |    55 |     3 |       |       |       |       |       ||    88
       Chain mail        |       |       |   209 |   535 |       |       |       |       ||   744
       Plate armour      |       |       |       |     3 |   911 |   773 |   578 |    45 ||  2310
Dodge: Dodged            |    19 |    36 |    92 |   331 |   498 |   593 |   445 |    34 ||  2048
Block: Kite shield       |    41 |    73 |   217 |   170 |   779 |   982 |   665 |    81 ||  3008

Table legend:
 A = Non-vault XP
 B = Vault XP
 C = Vault XP percentage of total XP
 D = Non-vault monster count
 E = Vault monster count
 F = Vault count percentage of total count
                 A         B        C        D         E       F
            +---------+---------+-------+---------+---------+-------
      Total |  383472 |  408780 |  51.6 |     873 |     452 |  34.1
            +---------+---------+-------+---------+---------+-------
        D:1 |      19 |       5 |  20.8 |      10 |       2 |  16.7
        D:2 |      24 |      37 |  60.7 |       8 |       1 |  11.1
        D:3 |      80 |       0 |   0.0 |      13 |       0 |   0.0
        D:4 |     564 |       0 |   0.0 |      21 |       0 |   0.0
        D:5 |     291 |       2 |   0.7 |      15 |       1 |   6.2
        D:6 |     720 |       0 |   0.0 |      14 |       0 |   0.0
        D:7 |     540 |       0 |   0.0 |      17 |       0 |   0.0
        D:8 |    1729 |     520 |  23.1 |      21 |       2 |   8.7
        D:9 |    2438 |    1897 |  43.8 |      39 |      41 |  51.2
       D:10 |    1984 |       0 |   0.0 |      31 |       0 |   0.0
       D:11 |    1854 |       0 |   0.0 |      26 |       0 |   0.0
       D:12 |    1625 |       0 |   0.0 |       8 |       0 |   0.0
       D:13 |    7375 |    2295 |  23.7 |      36 |       1 |   2.7
       D:14 |    4255 |    2602 |  37.9 |      12 |       3 |  20.0
       D:15 |    5885 |    4801 |  44.9 |      19 |       3 |  13.6
     Lair:1 |    3070 |    1594 |  34.2 |      12 |      21 |  63.6
     Lair:2 |    6574 |       0 |   0.0 |      26 |       0 |   0.0
     Lair:3 |    6884 |     442 |   6.0 |      22 |       1 |   4.3
     Lair:4 |    6339 |     819 |  11.4 |      22 |       1 |   4.3
     Lair:5 |    4050 |    8979 |  68.9 |      15 |      27 |  64.3
   Shoals:1 |   19612 |    2080 |   9.6 |      37 |       1 |   2.6
   Shoals:2 |    9973 |       0 |   0.0 |      17 |       0 |   0.0
   Shoals:3 |   11700 |       0 |   0.0 |      22 |       0 |   0.0
   Shoals:4 |   16987 |   29123 |  63.2 |      38 |      47 |  55.3
   Spider:1 |    1221 |       0 |   0.0 |       5 |       0 |   0.0
   Spider:2 |   13069 |    1649 |  11.2 |      35 |       1 |   2.8
   Spider:3 |    1237 |       0 |   0.0 |       3 |       0 |   0.0
   Spider:4 |   18586 |   22116 |  54.3 |      45 |      51 |  53.1
   Vaults:1 |   23823 |    9646 |  28.8 |      38 |      14 |  26.9
   Vaults:2 |    1937 |       0 |   0.0 |       7 |       0 |   0.0
   Vaults:3 |   22709 |   22651 |  49.9 |      32 |      35 |  52.2
   Vaults:4 |    7059 |    1475 |  17.3 |      13 |       2 |  13.3
   Vaults:5 |   63612 |  128962 |  67.0 |      68 |      88 |  56.4
   Depths:1 |   20266 |    3741 |  15.6 |      30 |      15 |  33.3
   Depths:2 |   18098 |    4377 |  19.5 |      30 |       2 |   6.2
   Depths:3 |   14552 |    2489 |  14.6 |      17 |       2 |  10.5
   Depths:4 |     730 |   11854 |  94.2 |       3 |      14 |  82.4
   Depths:5 |   13384 |   15030 |  52.9 |       9 |       9 |  50.0
      Zot:1 |   22956 |       0 |   0.0 |       9 |       0 |   0.0
      Zot:2 |    2310 |       0 |   0.0 |       1 |       0 |   0.0
      Zot:3 |   14249 |       0 |   0.0 |       9 |       0 |   0.0
      Zot:4 |       0 |     476 | 100.0 |       0 |       1 | 100.0
      Zot:5 |    5967 |   88604 |  93.7 |       8 |      28 |  77.8
     WizLab |    3135 |   40514 |  92.8 |      10 |      38 |  79.2
            +---------+---------+-------+---------+---------+-------
